[Event "Early-Titled-Tuesday-Blitz-February-27-2024"]
[Site "Chess.com"]
[Date "2024.02.27"]
[Round "8"]
[White "Njal28"]
[Black "DuleMudule"]
[Result "1-0"]
[WhiteElo "3004"]
[BlackElo "2854"]
[TimeControl "180+1"]
[EndTime "9:29:35 PST"]
[Termination "Njal28 won by resignation"]

1. d4 d5 2. Nf3 Bf5 3. Bf4 e6 4. e3 c5 5. Bxb8 Rxb8 6. Bb5+ Ke7 7. O-O Rc8 8. Nc3 Nf6 9. Ne5 Ne4 10. Nxe4 Bxe4 11. Qh5 g6 12. Qh4+ f6 13. Bd3 Bxd3 14. cxd3 Bg7 15. Nf3 Kf7 16. Rac1 Qb6 17. dxc5 Rxc5 18. d4 Rc6 19. Qf4 Ke7 20. Rxc6 Qxc6 21.
e4 Rc8 22. e5 Qc2 23. exf6+ Bxf6 24. Qh6 g5 25. Nxg5 Qg6 26. Qxg6 hxg6 27. Nf3 Rc2 28.
Rb1 Rc4 29. Kf1 a5 30. Ke2 Rc2+ 31. Ke3 Kd6 32. h4 a4 33. a3 b5 34. g3 Bg7 35.
Ne1 Rc4 36. Rd1 b4 37. f4 b3 38. g4 Bf6 39. h5 gxh5 40. gxh5 Bg7 41. Nf3 Rc2 42.
Rd2 Rc1 43. Rg2 Bf8 44. Rg8 Ke7 45. Rg2 Bh6 46. Rg6 Bf8 47. Ng5 Rc2 48. Rxe6+ Kd7 49. h6 Bxh6 50. Rxh6 Rxb2 51. Rb6 Ra2 52. f5 Kc7 53.
Rb4 Rxa3 54. Kd2 b2 55. Rxb2 Rg3 56. Rc2+ Kd6 57. Ne6 Rg2+ 58. Kd3 Rg3+ 59. Kd2 a3 60. Rc8 a2 61. Ra8 Rf3 62. Ra6+ Ke7 63. Ke2 Rxf5 64. Nc5 Rh5 65. Nd3 Rh2+ 66. Nf2 Rh4 67. Ke3 Rh5 68. Rxa2 Kf6 69. Ra6+ Kf5 70. Rd6 Rh8 71. Rxd5+ Kf6 72. Re5 Rc8 73. Ne4+ Kg6 74. Nc5 Rf8 75. Ke4 Rf1 76.
Nd3 Rd1 77. Nf4+ Kf7 78. d5 Kf6 79. Re6+ Kf7 80. Ke5 Re1+ 81. Kd6 Rf1 82. Nd3 Rd1 83. Ne5+ Kf8 84. Nc6 Re1 85. Rxe1 1-0

[Event "Early-Titled-Tuesday-Blitz-February-27-2024"]
[Site "Chess.com"]
[Date "2024.02.27"]
[Round "8"]
[White "Ishowmoves57"]
[Black "arnash_bauyrzhan"]
[Result "1-0"]
[WhiteElo "2175"]
[BlackElo "2285"]
[TimeControl "180+1"]
[EndTime "9:29:36 PST"]
[Termination "Ishowmoves57 won by resignation"]

1. e4 c5 2. b3 d6 3. Bb2 Nf6 4.
Nc3 e5 5. d3 Be7 6. Nd5 Nxd5 7.
exd5 O-O 8. Ne2 f5 9. f4 Nd7 10. g3 Nf6 11. fxe5 Nxd5 12. exd6 Bxd6 13. Qd2 f4 14. gxf4 Nxf4 15. O-O-O Nxe2+ 16. Qxe2 Qg5+ 17.
Kb1 Bg4 18. Qg2 Rf5 19. Rg1 Bxd1 20. Qxg5 Rxg5 21. Rxg5 g6 22. Bg2 Rf8 23. Bd5+ Rf7 24. Be5 Be7 25. Bxf7+ Kxf7 26. Rg1 Bh5 27. Rf1+ Ke6 28.
Bg3 Bf6 29. Re1+ Kd7 30. c3 Bg4 31. Kc2 Bf5 32. Be5 Bh4 33. Rd1 Ke6 34. Bg3 Bg5 35.
Re1+ Kd7 36. Bf2 b6 37. b4 cxb4 38. cxb4 Be7 39. a3 Bf6 40. Rf1 Be5 41. Bg3 Bd4 42. Rf4 Be3 43. Rf3 Bg5 44. Bf4 Bf6 45.
Be3 Be7 46. Bd4 Bd6 47. Rf2 Kc6 48. Be3 Kd5 49. Kc3 Be5+ 50. d4 Bd6 51. Bf4 Be7 52. Be5 Bh4 53. Rf3 Be1+ 54. Kb3 Bd2 55. Rf2 Bc1 56. Ka2 Be3 57. Re2 Bg5 58. Bg7 Be4 59.
Be5 Bd3 60. Rf2 Bf5 61. Rf1 Bh4 62. Rc1 Ke4 63. Rc7 Be6+ 64. Kb2 a5 65. Rxh7 axb4 66.
Rxh4+ Kd5 67. axb4 Bf5 68. Rh6 Kc4 69. h4 b5 70. h5 Kxb4 71. hxg6 Be6 72. g7 Bg8 73.
Rh8 Kc4 74. Rxg8 Kd3 75. Rc8 b4 76. g8=Q Kd2 77. Qb3 Ke1 78. Qe3+ 1-0

[Event "Early-Titled-Tuesday-Blitz-February-27-2024"]
[Site "Chess.com"]
[Date "2024.02.27"]
[Round "8"]
[White "Ramla2020"]
[Black "Caroexpert"]
[Result "0-1"]
[WhiteElo "2403"]
[BlackElo "2527"]
[TimeControl "180+1"]
[EndTime "9:29:44 PST"]
[Termination "Caroexpert won on time"]

1. c4 e6 2. d4 d5 3. Nf3 a6 4.
cxd5 exd5 5. Nc3 Nf6 6. Bg5 Be6 7. e3 Nbd7 8. Bd3 Bd6 9. O-O c6 10. e4 dxe4 11. Nxe4 Be7 12. Bf4 Nxe4 13. Bxe4 O-O 14. h3 Nf6 15. Bc2 Nd5 16. Be5 Bf6 17. a3 g6 18. Re1 Bg7 19. Qd2 Qd7 20. Rad1 Rad8 21. Ng5 Bf5 22. Ne4 Rfe8 23. Nd6 Bxc2 24. Qxc2 Re6 25.
Ne4 Rde8 26. Nc5 Qc8 27. Nxe6 Rxe6 28. Bxg7 Kxg7 29. Re5 Rd6 30. Qe4 Nc7 31. Re7 Rd5 32.
Re1 Ne6 33. Qf3 Ng5 34. Qe3 Kf6 35. Qb3 Rb5 36. Qc3 Rd5 37. R7e5 Qd7 38. Rxd5 Qxd5 39.
Qc5 Ne6 40. Qxd5 cxd5 41. Rd1 Kf5 42. f3 h5 43. g3 h4 44. Kf2 hxg3+ 45. Kxg3 g5 46. Rd3 f6 47. a4 b5 48. a5 Nf4 49.
Re3 Ne6 50. Rc3 Nxd4 51. Rc5 Ke5 52. Rc7 Nb3 53. Ra7 Nxa5 54. Rxa6 Nb3 55. Rb6 Nd4 56. Rb8 Kd6 57. b4 f5 58. Rb6+ Ke5 59. Rg6 Ne6 60.
Rg8 d4 61. Kf2 Nf4 62. Rh8 Kd5 63. Rc8 Nd3+ 64. Ke2 Nxb4 65. Rg8 d3+ 66. Ke3 f4+ 67. Kd2 Kd4 68. Rd8+ Nd5 69. Rg8 b4 70. Rxg5 b3 71. Rg1 Ne3 72. h4 Nc4+ 73. Kc1 Kc3 0-1

[Event "Early-Titled-Tuesday-Blitz-February-27-2024"]
[Site "Chess.com"]
[Date "2024.02.27"]
[Round "8"]
[White "KacperKacprzak"]
[Black "MatthewG-p4p"]
[Result "0-1"]
[WhiteElo "2703"]
[BlackElo "2898"]
[TimeControl "180+1"]
[EndTime "9:29:57 PST"]
[Termination "MatthewG-p4p won by resignation"]

1. d4 Nf6 2. c4 c5 3. Nf3 cxd4 4. Nxd4 e5 5. Nc2 d5 6. cxd5 Qxd5 7. Qxd5 Nxd5 8. e4 Nf6 9. Nc3 Nc6 10. Bg5 Be6 11.
O-O-O Rc8 12. Bb5 Be7 13. Kb1 O-O 14. Bxc6 bxc6 15. Ne1 h6 16. Bxf6 Bxf6 17. Nd3 Rcd8 18. Nc5 Bc8 19. Kc2 Be7 20. Nd3 f6 21. b3 Rd4 22. f3 Rfd8 23. Nb2 Ba6 24. Rxd4 exd4 25. Nb1 f5 26. Nd2 d3+ 27. Kb1 Bb4 28. Ndc4 fxe4 29.
fxe4 Rd4 30. Rd1 d2 31. Kc2 Rxe4 32. a3 Be7 33. Rxd2 Bf6 34. Kd3 Re1 35. Na4 Ra1 36. Nc5 Rxa3 37. Nxa6 Rxa6 38. Nd6 Ra3 39. Kc4 Ra1 40. Kc5 Rc1+ 41. Nc4 Rc3 42. Ra2 Rxb3 43. Rxa7 Rc3 44. Ra2 Kf7 45. Kb4 Rc1 46. Re2 Be7+ 47. Kb3 Bf6 48. Kb4 Bd4 49. h3 Rb1+ 50. Ka4 c5 51.
Ka5 Rb4 52. Nd6+ Kf6 53. g4 Rb3 54. Ne4+ Kg6 55. h4 c4 56. h5+ Kh7 57. Rd2 Be5 58. Rd5 Bf4 59. Rd7 Kg8 60. Rd8+ Kf7 61. Rc8 c3 62.
Ka4 Rb1 63. Rxc3 Ke6 64. Nc5+ Kd5 65. Nb3 Rg1 66. Rd3+ Ke4 67. Rd4+ Ke5 68. Rd7 Rxg4 69. Kb5 Ke6 70. Nc5+ Kf6 71. Kc6 Be5 72. Rb7 Bd4 73. Nd7+ Ke6 74. Rb5 Rg5 75. Rb3 Rxh5 76. Rg3 g5 77. Rd3 Bg7 78. Nc5+ Kf5 79. Rf3+ Kg4 80. Rf7 Bd4 81. Ne6 Be3 82. Kd5 Rh1 83. Ke4 Re1 84.
Ng7 Bf4+ 85. Kd3 h5 86. Rf8 h4 87. Rh8 h3 88. Nh5 Be5 89. Kd2 Bxh8 90. Kxe1 Kxh5 91. Kf2 g4 92. Kg1 Be5 93. Kh1 g3 94. Kg1 Bd4+ 95. Kh1 g2+ 0-1

[Event "Early-Titled-Tuesday-Blitz-February-27-2024"]
[Site "Chess.com"]
[Date "2024.02.27"]
[Round "8"]
[White "Beca95"]
[Black "Brave_spirit12"]
[Result "1-0"]
[WhiteElo "2910"]
[BlackElo "2706"]
[TimeControl "180+1"]
[EndTime "9:29:58 PST"]
[Termination "Beca95 won by resignation"]

1. e4 e6 2. d3 d5 3. Nd2 Nc6 4. c3 Nf6 5. f4 dxe4 6. dxe4 Bc5 7. Qe2 a5 8. e5 Nd5 9. Ne4 Bb6 10. Nf3 O-O 11. Bd2 a4 12. g3 a3 13. b4 f5 14.
Nf2 Bd7 15. Bg2 Be8 16. b5 Na5 17. c4 Ne7 18. Rd1 Qb8 19. Bb4 c5 20. Bc3 Bh5 21.
O-O Qc7 22. Rd6 Rad8 23. Rxd8 Rxd8 24. h3 Ng6 25. Rc1 Rd7 26. Bf1 Qd8 27. Qe3 Bxf3 28.
Qxf3 h6 29. Qe3 Kh7 30. Qe1 Ne7 31. Nd1 Bc7 32. Ne3 b6 33. Nc2 Nb7 34. Nxa3 Qa8 35.
Bb2 Nd8 36. Ra1 Nf7 37. Nc2 g5 38. Ne3 gxf4 39. gxf4 Ng6 40. Ng2 Qf3 41. Qc3 Qe4 42. Re1 Qa8 43. a4 Rd8 44. Ra1 Rg8 45. Kf2 Bd8 46. Qf3 Qa5 47. Bc3 Qa7 48. Ke1 Bh4+ 49.
Kd2 Be7 50. Kc2 Rd8 51. Kb3 Qd7 52. Be2 Qc8 53. Rd1 Rxd1 54. Bxd1 Nd8 55. Bc2 Nb7 56.
Ne3 Qd7 57. Kb2 Bh4 58. Qf1 Na5 59. Ng2 Bg3 60. Kc1 Bh2 61. Bd3 Nb3+ 62. Kc2 Nd4+ 63. Kb2 Bg3 64. Qd1 Qb7 65. Qd2 Nf3 66. Qe2 Nd4 67.
Bxd4 cxd4 68. Ne1 Bxe1 69. Qxe1 Nxf4 70. Qd2 Ng6 71. c5 bxc5 72. Bc4 Nxe5 73. Bxe6 Qe4 74. Qc2 d3 75. Qxc5 Qe2+ 76. Kb3 Kg6 77. Qe7 Qc2+ 78. Kb4 Qd2+ 79. Kc5 Qc3+ 80. Kb6 Nc4+ 81. Bxc4 Qxc4 82. Qd6+ Kg5 83. a5 f4 84. a6 f3 85. a7 f2 86. Qg3+ Kh5 87. Qxf2 Qd5 88. Qd2 Qd6+ 89. Kb7 Qd7+ 90. Ka6 Qd6+ 91. b6 Qa3+ 92. Kb5 Qe7 93. a8=Q 1-0

[Event "Early-Titled-Tuesday-Blitz-February-27-2024"]
[Site "Chess.com"]
[Date "2024.02.27"]
[Round "8"]
[White "AlexTruskavetsky"]
[Black "SashaKuzhilniy"]
[Result "1/2-1/2"]
[WhiteElo "2739"]
[BlackElo "2615"]
[TimeControl "180+1"]
[EndTime "9:30:29 PST"]
[Termination "Game drawn by 50-move rule"]

1. d4 d5 2. c4 e6 3. Nc3 Be7 4. cxd5 exd5 5. Bf4 c6 6. e3 Bf5 7. Bd3 Bxd3 8. Qxd3 Nd7 9. Nge2 Ngf6 10. O-O O-O 11. a3 Re8 12. Rfe1 a5 13. h3 Nb6 14. f3 Nc4 15.
Ra2 Nh5 16. Bh2 Bh4 17. g3 Rxe3 18. Qf5 Nxg3 19. Bxg3 Bxg3 20. Rf1 Bc7 21. b3 Qd6 22. Rf2 Nxa3 23. Rb2 Qg6+ 24. Qxg6 hxg6 25. Rf1 Rae8 26. Kf2 Nb5 27. Nxb5 cxb5 28. Rc1 Bb6 29. Rd1 g5 30. h4 gxh4 31. Nf4 Bc7 32. Nxd5 Bg3+ 33. Kg2 Re2+ 34. Rxe2 Rxe2+ 35. Kg1 h3 36. Nc3 Rg2+ 37.
Kh1 b4 38. Ne4 Bh4 39. d5 f5 40. Nc5 b6 41. Ne6 b5 42. d6 a4 43. Rd4 Bf6 44.
d7 axb3 45. d8=Q+ Bxd8 46. Rxd8+ Kf7 47. Nf4 b2 48. Rd1 Rc2 49. Nd3 Kf6 50. Rb1 Rd2 51. Nxb2 g5 52. Nd1 f4 53. Kg1 Ke5 54. Nf2 h2+ 55.
Kg2 Kd4 56. Rxb4+ Kc5 57. Rb1 b4 58. Rf1 b3 59. Kxh2 b2 60. Kh3 Kc4 61. Ne4 Rc2 62. Kg4 Rc1 63. Rf2 b1=Q 64. Nd2+ Kd3 65. Nxb1 Rxb1 66. Kxg5 Ke3 67. Ra2 Rg1+ 68. Kf5 Kxf3 69. Ra3+ Kg2 70. Kxf4 Rf1+ 71. Kg4 Rc1 72. Ra2+ Kf1 73.
Kf3 Rc3+ 74. Ke4 Rb3 75. Kd4 Ke1 76. Kc4 Rh3 77. Kd4 Rh4+ 78. Ke3 Rh3+ 79. Kf4 Rb3 80. Rh2 Kd1 81. Ke4 Kc1 82. Kd4 Kd1 83. Rh1+ Ke2 84. Ra1 Rh3 85. Kc4 Rh4+ 86. Kc3 Kf3 87. Re1 Re4 88.
Rf1+ Kg4 89. Kd3 Re7 90. Kd4 Kg5 91. Kd5 Re2 92. Rg1+ Kf4 93. Kd4 Rd2+ 94. Kc3 Rd8 95. Rf1+ Ke3 96. Re1+ Kf3 97. Re6 Kf4 98. Kc4 Kf5 99.
Re1 Kf4 100. Kc5 Kf5 101. Kc6 Kf6 102. Rf1+ Ke5 103. Rf2 Rd3 104. Re2+ Kd4 105. Kd6 Rd1 106. Re8 Kd3 107. Kc5 Rh1 108. Re5 Rh4 109. Kd5 Rd4+ 110. Kc5 Rc4+ 111. Kb5 Rd4 112. Re1 Re4 113. Rd1+ Ke3 114. Kc5 Kf4 115. Kd5 Re5+ 116. Kd4 Ra5 117. Kc4 Re5 118. Rf1+ Kg5 119. Kd4 Re8 120. Kd5 1/2-1/2

[Event "Early-Titled-Tuesday-Blitz-February-27-2024"]
[Site "Chess.com"]
[Date "2024.02.27"]
[Round "8"]
[White "Lion-Al-Messi"]
[Black "Goryachkina"]
[Result "1-0"]
[WhiteElo "2542"]
[BlackElo "2680"]
[TimeControl "180+1"]
[EndTime "9:30:51 PST"]
[Termination "Lion-Al-Messi won on time"]

1. e4 c5 2. Nf3 e6 3. d4 cxd4 4. Nxd4 Nf6 5. Nc3 Nc6 6. Bf4 d6 7. Ndb5 e5 8. Bg5 a6 9. Na3 b5 10. Nd5 Be7 11. Bxf6 Bxf6 12. c3 Rb8 13. Nc2 Bg5 14.
a4 bxa4 15. Ncb4 Nxb4 16. cxb4 O-O 17. Rxa4 a5 18. b5 Bd7 19. Nc3 d5 20. exd5 e4 21. Rxe4 f5 22. Rd4 Bf6 23. Rd2 Bg5 24. Rd4 Bf6 25.
Rd2 Bg5 26. Rd3 Bxb5 27. Nxb5 Rxb5 28. Be2 Rxb2 29. O-O Qd6 30. Bf3 Rc8 31. Qa4 Qb6 32. g3 h6 33. d6 Rc1 34. Rdd1 Rxd1 35. Qxd1 Rd2 36. Qa4 Rxd6 37. h4 Bf6 38. Qe8+ Kh7 39. Bh5 Bd4 40. Bf7 Rd8 41. Bg6+ Qxg6 42. Qxd8 Qxg3+ 43. Kh1 Qh3+ 44. Kg1 Qg3+ 45. Kh1 Bxf2 46. Rxf2 Qxf2 47. h5 Qf3+ 48. Kg1 Qxh5 49. Qxa5 Qg4+ 50.
Kf1 Qf4+ 51. Kg1 Qg3+ 52. Kf1 Qf3+ 53. Kg1 Qe4 54. Kf1 f4 55. Qd2 f3 56. Qe3 Qf5 57. Kf2 h5 58. Qe7 Kg6 59. Qe8+ Kg5 60. Qe7+ Qf6 61.
Qe3+ Kg4 62. Qe4+ Kh3 63. Qd5 g6 64. Qd7+ Qf5 65. Qd1 Kg4 66. Qg1+ Kf4 67. Qc1+ Ke4 68. Qc4+ Ke5 69. Qc5+ Kf6 70. Qf8+ Kg5 71. Qe7+ Qf6 72.
Qc5+ Kh6 73. Qe3+ g5 74. Qe8 h4 75. Qc8 Kg6 76. Qe8+ Kh6 77. Qc8 Kh5 78. Qe8+ Kg4 79. Qc8+ Qf5 80. Qc4+ Kh5 81. Qg8 h3 82. Qh8+ Kg4 83.
Qd4+ Qf4 84. Qd7+ Qf5 85. Qd4+ Kh5 86. Qh8+ Kg6 87. Qg8+ Kh6 88. Qh8+ Qh7 89. Qf6+ Kh5 90. Qxf3+ g4 91. Qd5+ Kh6 92. Kg3 Qg6 93. Qd2+ Qg5 94. Qd6+ Qg6 95. Qd2+ Kh7 96. Qd7+ Qg7 97. Qf5+ Kh6 98.
Qe6+ Qg6 99. Qe3+ Kh7 100. Qe7+ Qg7 101. Qe4+ Kh8 102. Qe8+ Qg8 103. Qh5+ Kg7 104. Qxg4+ 1-0

[Event "Early-Titled-Tuesday-Blitz-February-27-2024"]
[Site "Chess.com"]
[Date "2024.02.27"]
[Round "8"]
[White "LeoLV10"]
[Black "Felix-Rose"]
[Result "1/2-1/2"]
[WhiteElo "2469"]
[BlackElo "2269"]
[TimeControl "180+1"]
[EndTime "9:31:39 PST"]
[Termination "Game drawn - insufficient material"]

1. e4 e5 2. Nf3 Nc6 3. Bb5 a6 4. Ba4 Nf6 5. O-O b5 6. Bb3 Bc5 7. a4 Rb8 8. c3 d6 9. d4 Bb6 10. h3 O-O 11. Re1 Bb7 12. axb5 axb5 13. d5 Ne7 14.
Nbd2 Ng6 15. Nf1 Qe7 16. Ng3 Bc8 17. Bc2 h6 18. Nf5 Qd7 19. N3h4 Nxh4 20. Nxh4 Kh7 21. Qf3 Ng8 22. Bd2 g6 23. g4 Qd8 24. Ng2 Ne7 25.
Ne3 Qd7 26. Kg2 Qe8 27. Rh1 Bd7 28. Rag1 Bxe3 29. Qxe3 Ng8 30. f4 exf4 31. Qxf4 f5 32. exf5 Qe2+ 33. Kg3 gxf5 34. Re1 Qc4 35. b3 Qxf4+ 36.
Bxf4 Kg7 37. g5 h5 38. h4 Rbe8 39. Bd1 Kg6 40. c4 bxc4 41. bxc4 Rb8 42. Bf3 Rb3 43. Rb1 Rfb8 44. Rxb3 Rxb3 45. Rc1 Ne7 46. c5 Nxd5 47. cxd6 Nxf4 48. Kxf4 cxd6 49. Rd1 Rb4+ 50. Kg3 Rb6 51. Rd4 Be6 52. Kf4 d5 53. Ke5 Kf7 54. Bxd5 Rb5 55. Kd6 Rb6+ 56. Kc5 Rb1 57. g6+ Kf6 58. Bxe6 Kxe6 59.
Rd6+ Ke5 60. Ra6 Rc1+ 61. Kb4 Rg1 62. Kc3 f4 63. Kd3 Kf5 64. Ke2 Rxg6 65. Ra5+ Kg4 66.
Kf2 Kxh4 67. Rf5 Kg4 68. Ra5 Rd6 69. Ra2 Rd3 70. Kg2 Rg3+ 71. Kh2 h4 72. Rb2 h3 73. Rc2 Re3 74. Rb2 Rd3 75. Rf2 Re3 76. Ra2 f3 77. Ra4+ Kg5 78. Kxh3 f2+ 79. Kg2 Re1 80. Kxf2 Re5 81.
Kg3 Re3+ 82. Kf2 Re5 83. Kf3 Rf5+ 84. Kg3 Re5 85. Rd4 Rf5 86. Re4 Rd5 87. Rc4 Rd3+ 88.
Kf2 Kf5 89. Ke2 Ra3 90. Rc5+ Ke4 91. Rc4+ Kd5 92. Rc2 Rh3 93. Rd2+ Ke4 94. Kd1 Rh1+ 95. Kc2 Rh8 96. Re2+ Kd4 97. Re7 Rc8+ 98. Kd2 Rd8 99.
Rh7 Ke4+ 100. Ke2 Re8 101. Rh4+ Kf5+ 102. Kf3 Ra8 103. Rb4 Ra3+ 104. Kf2 Ke5 105. Rb5+ Ke4 106. Rb4+ Kd3 107. Rb2 Rc3 108. Rb8 Ke4 109. Re8+ Kd3 110. Rd8+ Kc2 111. Ke2 Kc1 112. Rd1+ Kb2 113. Rd8 Rc2+ 114. Kd3 Rc3+ 115. Kd4 Rc1 116. Rb8+ Kc2 117. Ke3 Re1+ 118. Kf2 Re7 119. Rc8+ Kd3 120. Rd8+ Ke4 121. Ra8 Rf7+ 122. Ke2 Re7 123. Ra4+ Kd5+ 124. Kd3 Rd7 125. Ra5+ Kc6+ 126. Kc4 Rc7 127. Rh5 Rc8 128. Rc5+ Kb7 129. Rxc8 Kxc8 1/2-1/2

[Event "Early-Titled-Tuesday-Blitz-February-27-2024"]
[Site "Chess.com"]
[Date "2024.02.27"]
[Round "9"]
[White "TigrVShlyape"]
[Black "Msb2"]
[Result "1/2-1/2"]
[WhiteElo "2889"]
[BlackElo "3018"]
[TimeControl "180+1"]
[EndTime "9:39:24 PST"]
[Termination "Game drawn by repetition"]

1. e4 e6 2. d4 d5 3. exd5 exd5 4. Nf3 Nc6 5. Bf4 Bd6 6. Bxd6 Qxd6 7. c3 Nge7 8. Bd3 Bg4 9. O-O f6 10. Nbd2 Bh5 11.
Re1 O-O 12. Qe2 Rae8 13. Qe6+ Qxe6 14. Rxe6 Bf7 15. Re2 Nc8 16. Rxe8 Rxe8 17. Re1 Rxe1+ 18. Nxe1 Nd6 19. f3 Ne7 20. Kf2 c6 21. Nc2 Bg6 22. Bxg6 hxg6 23. g3 Kf7 24. Ne3 g5 25. Nb3 Nef5 26.
Nxf5 Nxf5 27. Nc5 Nd6 28. Nd3 Ke7 29. g4 Kf7 30. Ke2 Ke7 31. Kf2 Kf7 32. Ke2 Ke7 33. Kf2 1/2-1/2

[Event "Early-Titled-Tuesday-Blitz-February-27-2024"]
[Site "Chess.com"]
[Date "2024.02.27"]
[Round "9"]
[White "JaloliddinIlkhomi"]
[Black "FARIZA2018"]
[Result "1/2-1/2"]
[WhiteElo "2754"]
[BlackElo "2597"]
[TimeControl "180+1"]
[EndTime "9:39:58 PST"]
[Termination "Game drawn by repetition"]

1. d4 Nf6 2. Bf4 d5 3. e3 c5 4.
Nd2 Nc6 5. c3 e6 6. Ngf3 Bd6 7.
Bg3 O-O 8. Bd3 Qe7 9. Ne5 Nd7 10. Nxd7 Qxd7 11. Bxd6 Qxd6 12. dxc5 Qxc5 13. Bxh7+ Kxh7 14. Qh5+ Kg8 15. Ne4 g6 16. Qg5 Qe7 17. Nf6+ Kg7 18. Nh5+ Kg8 19. Nf6+ Kg7 20. Nh5+ Kg8 21. Nf6+ 1/2-1/2

[Event "Early-Titled-Tuesday-Blitz-February-27-2024"]
[Site "Chess.com"]
[Date "2024.02.27"]
[Round "9"]
[White "betta2004"]
[Black "romulocardoso"]
[Result "1-0"]
[WhiteElo "2594"]
[BlackElo "2360"]
[TimeControl "180+1"]
[EndTime "9:40:21 PST"]
[Termination "betta2004 won by resignation"]

1. d4 Nf6 2. c4 e6 3. Nf3 Bb4+ 4. Nbd2 O-O 5. e3 d5 6. a3 Be7 7. Bd3 a5 8. O-O b6 9. Ne5 Bb7 10. f4 Nbd7 11. b3 Ne4 12. Qc2 f5 13. Bb2 Ndf6 14. Rac1 Rc8 15. Nxe4 dxe4 16. Be2 c5 17. Rfd1 Qc7 18.
d5 exd5 19. cxd5 Rfd8 20. d6 Rxd6 21. Bc4+ Bd5 22. Rd2 Bxc4 23. Qxc4+ 1-0

[Event "Early-Titled-Tuesday-Blitz-February-27-2024"]
[Site "Chess.com"]
[Date "2024.02.27"]
[Round "9"]
[White "rhwr"]
[Black "davigator"]
[Result "1-0"]
[WhiteElo "2302"]
[BlackElo "2388"]
[TimeControl "180+1"]
[EndTime "9:40:32 PST"]
[Termination "rhwr won by resignation"]

1. e4 c5 2. Nf3 Nc6 3. d4 cxd4 4. Nxd4 Nf6 5. Nc3 d6 6. Be2 e5 7. Nb3 h6 8. Be3 Be6 9. O-O Be7 10. Qd2 O-O 11.
Rad1 a6 12. f4 exf4 13. Bxf4 Ne5 14. h3 Rc8 15. Nd4 Qd7 16. Kh2 Rfd8 17. Qe1 Qc7 18. Qg3 Ng6 19. Nxe6 fxe6 20. Qxg6 e5 21. Bxh6 Bf8 22.
Rxf6 1-0

[Event "Early-Titled-Tuesday-Blitz-February-27-2024"]
[Site "Chess.com"]
[Date "2024.02.27"]
[Round "9"]
[White "As0nchess"]
[Black "JaackCamel"]
[Result "1-0"]
[WhiteElo "2539"]
[BlackElo "2222"]
[TimeControl "180+1"]
[EndTime "9:40:52 PST"]
[Termination "As0nchess won by resignation"]

1. e4 e6 2. d4 d5 3. Nc3 Bb4 4. e5 Ne7 5. a3 Bxc3+ 6. bxc3 b6 7. h4 Ba6 8. Bxa6 Nxa6 9. h5 h6 10. a4 Nb8 11. a5 Nbc6 12. Qg4 Nf5 13. axb6 axb6 14.
Rxa8 Qxa8 15. Qd1 Na5 16. Nf3 Nc4 17. O-O O-O 18. g4 Ne7 19. g5 Nf5 20. gxh6 gxh6 21. Kh2 Kh7 22. Rg1 Rg8 23. Qd3 Rxg1 24. Nxg1 Qg8 25. Ne2 Qg4 26. Ng3 Qf3 27. Qxf3 1-0

[Event "Early-Titled-Tuesday-Blitz-February-27-2024"]
[Site "Chess.com"]
[Date "2024.02.27"]
[Round "9"]
[White "GilbertoHernandezAmura"]
[Black "ClauSanLuis"]
[Result "1-0"]
[WhiteElo "2438"]
[BlackElo "2286"]
[TimeControl "180+1"]
[EndTime "9:41:09 PST"]
[Termination "GilbertoHernandezAmura won by resignation"]

1. d4 Nf6 2. Bg5 e6 3. e3 b6 4. Nd2 Bb7 5. Ngf3 Be7 6. Bd3 d6 7. c3 c5 8. Qc2 Nbd7 9. O-O-O Rc8 10. h4 cxd4 11. exd4 Nd5 12. Bb5 Bxg5 13. hxg5 Qxg5 14. Nxg5 1-0

[Event "Early-Titled-Tuesday-Blitz-February-27-2024"]
[Site "Chess.com"]
[Date "2024.02.27"]
[Round "9"]
[White "AlainBruxelles"]
[Black "Supergiuly"]
[Result "0-1"]
[WhiteElo "2422"]
[BlackElo "2343"]
[TimeControl "180+1"]
[EndTime "9:41:21 PST"]
[Termination "Supergiuly won by resignation"]

1. e4 g6 2. d4 Bg7 3. h4 h5 4. c3 d5 5. e5 c5 6. Be3 Nc6 7. Ne2 Nh6 8. Ng3 Ng4 9. Bg5 O-O 10. f3 Nh6 11. Qd2 Nf5 12. Nxf5 Bxf5 13. Be2 cxd4 14. cxd4 Qb6 15. g4 hxg4 16. fxg4 Be4 17.
Rh2 Nxd4 18. Na3 Bxe5 19. Rh3 Ne6 20. Rb3 Qg1+ 21. Bf1 Bg3+ 0-1

[Event "Early-Titled-Tuesday-Blitz-February-27-2024"]
[Site "Chess.com"]
[Date "2024.02.27"]
[Round "9"]
[White "Kostya0705"]
[Black "wild3000"]
[Result "0-1"]
[WhiteElo "2560"]
[BlackElo "2468"]
[TimeControl "180+1"]
[EndTime "9:41:28 PST"]
[Termination "wild3000 won by checkmate"]

1. e4 c5 2. Nf3 Nc6 3. Nc3 e6 4. d4 cxd4 5. Nxd4 a6 6. Be3 Qc7 7. Qd2 b5 8. O-O-O Bb7 9. f3 Bb4 10. a3 Be7 11. Kb1 b4 12. axb4 Nxb4 13. Nb3 Nf6 14. Bd4 O-O 15. Be2 d5 16. e5 Nd7 17. f4 Rfc8 18. g4 a5 19. f5 a4 20.
Nc1 a3 21. b3 a2+ 22. Kb2 a1=Q# 0-1

[Event "Early-Titled-Tuesday-Blitz-February-27-2024"]
[Site "Chess.com"]
[Date "2024.02.27"]
[Round "9"]
[White "Balla_Tamas"]
[Black "MusicCityMaster"]
[Result "0-1"]
[WhiteElo "2420"]
[BlackElo "2564"]
[TimeControl "180+1"]
[EndTime "9:41:33 PST"]
[Termination "MusicCityMaster won by resignation"]

1. e4 e6 2. d4 d5 3. Nd2 Nc6 4. c3 e5 5. exd5 Qxd5 6. Ngf3 e4 7. Bc4 Qf5 8. Qe2 Nf6 9. O-O Be7 10. Nh4 Qg4 11.
Qxg4 Nxg4 12. g3 Bxh4 13. gxh4 f5 14. f3 Ne3 15. Re1 Nc2 16. Re2 Nxa1 17. fxe4 f4 18. Nf3 Bg4 19. Kf2 Rf8 20. Bd3 O-O-O 21. Bd2 Bxf3 22.
Kxf3 Ne5+ 0-1

[Event "Early-Titled-Tuesday-Blitz-February-27-2024"]
[Site "Chess.com"]
[Date "2024.02.27"]
[Round "9"]
[White "ATM622"]
[Black "gm_rashid"]
[Result "1-0"]
[WhiteElo "2530"]
[BlackElo "2423"]
[TimeControl "180+1"]
[EndTime "9:41:33 PST"]
[Termination "ATM622 won by resignation"]

1. d4 Nf6 2. c4 c5 3. d5 b5 4.
cxb5 a6 5. e3 d6 6. Nc3 g6 7.
Nf3 Bg7 8. Be2 O-O 9. O-O Qb6 10. a4 axb5 11. Bxb5 Nbd7 12. Nd2 Ba6 13. Nc4 Qb7 14. Na5 Qb6 15. Nc6 Rfe8 16. Bd2 Ng4 17. Qxg4 Nf6 18. Qf3 Bxb5 19. axb5 Kf8 20. Qh3 h5 21. e4 Ng4 22.
Qg3 Ne5 23. Nxe5 Bxe5 24. f4 Bd4+ 25. Kh1 Reb8 26. f5 Kg7 27. fxg6 fxg6 28. Qg5 1-0

[Event "Early-Titled-Tuesday-Blitz-February-27-2024"]
[Site "Chess.com"]
[Date "2024.02.27"]
[Round "9"]
[White "MikeSailer"]
[Black "urano56"]
[Result "1-0"]
[WhiteElo "2185"]
[BlackElo "2312"]
[TimeControl "180+1"]
[EndTime "9:41:35 PST"]
[Termination "MikeSailer won by resignation"]

1. d4 Nf6 2. Bf4 d6 3. e3 Nbd7 4. Nf3 e5 5. Bg3 e4 6. Nfd2 d5 7. c4 c6 8. Nc3 Be7 9. Be2 O-O 10. O-O Re8 11. cxd5 cxd5 12. Nb5 Nb6 13. Nc7 Bd6 14. Nxa8 Nxa8 15. Bxd6 Qxd6 16. Rc1 Bd7 17. Qb3 Bc6 18. Qa3 Qxa3 19. bxa3 Nb6 20. Nb3 Kf8 21. Na5 Re6 22. Nxc6 bxc6 23. Rc5 Nfd7 24. Ra5 Nc8 25. Ba6 Ndb6 26. Bxc8 Nxc8 27. Rb1 Ke7 28. Rb7+ Kf6 29.
Rc7 Nb6 30. Raxa7 1-0

[Event "Early-Titled-Tuesday-Blitz-February-27-2024"]
[Site "Chess.com"]
[Date "2024.02.27"]
[Round "9"]
[White "dianamirza"]
[Black "FMStan15"]
[Result "0-1"]
[WhiteElo "1989"]
[BlackElo "2071"]
[TimeControl "180+1"]
[EndTime "9:41:41 PST"]
[Termination "FMStan15 won by resignation"]

1. e4 e6 2. d4 d5 3. e5 c5 4. c3 Nc6 5. f4 Qb6 6. Nf3 Nh6 7. Qb3 Qxb3 8. axb3 cxd4 9. Nxd4 Nxd4 10. cxd4 Nf5 11. Bb5+ Bd7 12. Bxd7+ Kxd7 13. O-O Nxd4 14.
Be3 Nc2 15. Rxa7 Rxa7 16. Bxa7 Be7 17. Rc1 Nb4 18. Na3 Nd3 19. Rc3 Nxf4 20. Nb5 Ne2+ 21. Kf2 Nxc3 22. bxc3 Ra8 23. b4 f6 24. Bd4 Ra2+ 25. Kf3 fxe5 26. Bxe5 Bf6 27. Bd6 Rc2 28. Bc5 0-1

[Event "Early-Titled-Tuesday-Blitz-February-27-2024"]
[Site "Chess.com"]
[Date "2024.02.27"]
[Round "9"]
[White "Kirill_Klukin"]
[Black "DonMicheleCorleone"]
[Result "1-0"]
[WhiteElo "2826"]
[BlackElo "2523"]
[TimeControl "180+1"]
[EndTime "9:41:52 PST"]
[Termination "Kirill_Klukin won by resignation"]

1. d4 e6 2. c4 d5 3. Nc3 Nf6 4. cxd5 exd5 5. Bg5 c6 6. e3 Nbd7 7. Bd3 Be7 8. Qc2 O-O 9. Nf3 Re8 10. h3 Nf8 11. O-O Bd6 12. Rfe1 Ng6 13. e4 Bf4 14. e5 Bxg5 15. Nxg5 Nh5 16. h4 Nxh4 17. Bxh7+ Kf8 18. Qd2 g6 19. e6 Kg7 20. Nxf7 Kxh7 21. Qh6+ 1-0

[Event "Early-Titled-Tuesday-Blitz-February-27-2024"]
[Site "Chess.com"]
[Date "2024.02.27"]
[Round "9"]
[White "Dyadya81"]
[Black "vi_pranav"]
[Result "0-1"]
[WhiteElo "2852"]
[BlackElo "3105"]
[TimeControl "180+1"]
[EndTime "9:42:01 PST"]
[Termination "vi_pranav won by resignation"]

1. e4 e5 2. Nf3 Nc6 3. Nc3 Nf6 4. d4 exd4 5. Nxd4 Bb4 6. Nxc6 bxc6 7. Bd3 O-O 8. O-O Re8 9. Bg5 h6 10. Bh4 d6 11. Re1 Rb8 12. e5 dxe5 13. Rxe5 Be6 14. Ne4 Be7 15. b3 Rb4 16. c4 Rb8 17.
Qe2 Qd4 0-1